 Dungeon Crawl Stone Soup version 0.29.1-13-g9f3cf754e1 (webtiles) character file.

Game seed: 18253548927569907527

417 Heoruswealwe the Grave Robber (level 6, -5/32 HPs)
             Began as a Deep Elf Necromancer on Feb 9, 2023.
             Slain by a quicksilver ooze (20 damage)
             ... created by the all-consuming vengeance of Jiyva
             ... on level 3 of the Dungeon.
             The game lasted 00:53:11 (5020 turns).

Heoruswealwe the Grave Robber (DENe)                Turns: 5020, Time: 00:53:12

Health: -5/32      AC:  4    Str:  5    XL:     6   Next: 61%
Magic:  19/26      EV: 13    Int: 22    God:
Gold:   196        SH:  0    Dex: 15    Spells: 14/18 levels left

rFire   . . .      SeeInvis .   T - +3 falchion (protect)
rCold   . . .      Faith    .   (no shield)
rNeg    . . .      Spirit   .   D - +0 robe
rPois   .          Reflect  .   (no helmet)
rElec   .          Harm     .   j - +0 cloak
rCorr   .          Rampage  .   (no gloves)
Will    .....                   v - +0 pair of boots
Stlth   ++........              (no amulet)
HPRegen 0.10/turn               k - ring of magical power
MPRegen 0.20/turn               (no ring)

@: unable to read, unable to drink
A: deterioration 1, inability to drink after injury 1, inability to read after
injury 1
a: no special abilities


You were on level 3 of the Dungeon.
You visited 1 branch of the dungeon, and saw 5 of its levels.

You collected 196 gold pieces.

Inventory:

Hand Weapons
 a - a +0 giant club
 g - a +0 shortbow
 i - a +0 dagger
 l - a +0 short sword
 n - a +0 club
 o - a +0 club
 M - a +0 trident of distortion
 T - a +3 falchion of protection (weapon)
Missiles
 O - 4 atropa-tipped darts
Armour
 e - a +0 leather armour
 h - a +0 leather armour
 j - a +0 cloak (worn)
 v - a +0 pair of boots (worn)
 D - a +0 robe (worn)
Jewellery
 k - a ring of magical power (left hand)
 z - a ring of protection from cold
Scrolls
 d - a scroll of blinking
 m - a scroll of enchant armour {unknown}
 q - a scroll of noise
 y - 2 scrolls of vulnerability
 E - a scroll of teleportation
Potions
 b - 2 potions of magic
 c - a potion of attraction {unknown}
 f - a potion of heal wounds {unknown}
 w - a potion of resistance {unknown}
 J - 2 potions of curing {unknown}
 Y - 2 potions of brilliance {unknown}


   Skills:
 + Level 2.9 Dodging
 + Level 3.1 Stealth
 + Level 0.2 Unarmed Combat
 + Level 6.9 Spellcasting
 + Level 7.2 Necromancy


You had 14 spell levels left.
You knew the following spells:

 Your Spells              Type           Power      Damage    Failure   Level
a - Necrotise             Necr           100%       1d9       1%          1
b - Vampiric Draining     Necr           39%        2d8       1%          3

Your spell library contained the following spells:

 Spells                   Type           Power      Damage    Failure   Level
 Animate Dead             Necr           39%        N/A       4%          4
 Agony                    Necr           39%        N/A       12%         5


Dungeon Overview and Level Annotations

Branches:
Dungeon (5/15)
 Temple: D:4-7

Altars:
Elyvilon
Trog
Xom
Jiyva


Innate Abilities, Weirdness & Mutations

Your body sometimes deteriorates upon taking damage.
You occasionally lose the ability to drink potions when taking damage.
You occasionally lose the ability to read scrolls when taking damage.


Message History

You hit the bush but do no damage.
The bush is severely damaged.
You hit the bush but do no damage.
The bush is severely damaged.
You hit the bush.
The bush is severely damaged.
You slash the bush!
The bush is almost destroyed.
You hit the bush.
The bush is almost destroyed.
You hit the bush.
The bush is almost destroyed.
You hit the bush.
The bush is almost destroyed.
You slash the bush!
You destroy the bush!
You hit the bush but do no damage. You hit the bush.
The bush is lightly damaged.
You hit the bush.
The bush is lightly damaged.
You hit the bush but do no damage.
The bush is lightly damaged.
Some slimes ooze up out of the ground!
A quicksilver ooze comes into view.
You hit the bush.
The bush is lightly damaged.
You hit the bush but do no damage.
The bush is lightly damaged.
The quicksilver ooze hits you!
The quicksilver ooze hits you but does no damage.
You hit the bush but do no damage.
The bush is lightly damaged.
The quicksilver ooze barely misses you. The quicksilver ooze hits you.
You feel your power leaking away. The quicksilver ooze hits you!!
You feel threatened and lose the ability to read scrolls!
You feel threatened and lose the ability to drink potions!
Ouch! That really hurt!
You die...

#.##..PPP.PPP.P.P###.##########
#.......P...P.P................
##.#..PPP.PPPPP.P###.#####....#
#........P.....P###.#####.##..
##..PPPPPP.PPP.P..........####
#.......P...P...##########


#..PPPP.PPP.P.P## #...........PJP# #...........@PP #.....######### ####### You
could see a quicksilver ooze.

Vanquished Creatures
  A black bear (D:4)
  An ogre (D:5)
  A centaur (D:4)
  An orc priest (D:3)
  Terence (D:3)
  Natasha (D:3)
  An adder (D:2)
  A dart slug (D:2)
  4 orcs
  2 endoplasms (D:4)
  7 goblins
  4 hobgoblins
  6 jackals (D:1)
  5 kobolds
  3 quokkas (D:1)
  7 ball pythons
  13 bats
  A frilled lizard (D:2)
  5 rats
  21 bushes (D:3)
86 creatures vanquished.

Vanquished Creatures (collateral kills)
  A ball python (D:2)
  3 endoplasms
  A giant cockroach (D:1)
  A jackal (D:1)
  A bat (D:1)
  A rat (D:2)
8 creatures vanquished.

Grand Total: 94 creatures vanquished

Notes
Turn   | Place    | Note
-------+----------+-------------------------------------------
     0 | D:1      | Heoruswealwe the Deep Elf Necromancer began the quest for
                  | the Orb.
     0 | D:1      | Reached XP level 1. HP: 10/10 MP: 6/6
   252 | D:1      | Reached skill level 5 in Necromancy
   295 | D:1      | Reached XP level 2. HP: 15/15 MP: 2/8
   704 | D:1      | Reached XP level 3. HP: 19/19 MP: 10/10
   729 | D:1      | Learned a level 3 spell: Vampiric Draining
  1747 | D:2      | Reached XP level 4. HP: 19/24 MP: 12/12
  2283 | D:3      | Found a shimmering altar of Xom.
  2285 | D:3      | Found a white marble altar of Elyvilon.
  2285 | D:3      | Found a hide-covered altar of Uskayaw.
  2290 | D:3      | Found a basalt altar of Yredelemnul.
  2290 | D:3      | Found a shimmering blue altar of Sif Muna.
  2290 | D:3      | Found a glowing silver altar of Zin.
  2406 | D:3      | Found a bloodstained altar of Trog.
  2430 | D:3      | Noticed Terence
  2433 | D:3      | Killed Terence
  2434 | D:3      | Reached skill level 6 in Necromancy
  2453 | D:3      | Reached skill level 5 in Spellcasting
  2461 | D:3      | Found a faded altar of an unknown god.
  2532 | D:3      | Prayed at the altar of an unknown god.
  2532 | D:3      | Became a worshipper of Jiyva Juyttur the Shapeless
  2532 | D:3      | Reached * piety under Jiyva
  2534 | D:3      | Fell from the grace of Jiyva
  2784 | D:4      | Noticed a centaur
  2790 | D:4      | Killed a centaur
  2791 | D:4      | Reached XP level 5. HP: 28/28 MP: 15/15
  2794 | D:4      | Noticed a black bear
  2811 | D:4      | Killed a black bear
  2812 | D:4      | Reached skill level 7 in Necromancy
  2812 | D:4      | Reached XP level 6. HP: 32/32 MP: 17/17
  2913 | D:5      | Entered Level 5 of the Dungeon
  2922 | D:5      | Found a white marble altar of Elyvilon.
  3331 | D:3      | Noticed Natasha
  3335 | D:3      | Killed Natasha
  4596 | D:3      | Gained mutation: You occasionally lose the ability to drink
                  | potions when taking damage. [the all-consuming vengeance of
                  | Jiyva]
  4637 | D:3      | Gained mutation: Your body sometimes deteriorates upon
                  | taking damage. [mutagenic glow]
  4646 | D:3      | Gained mutation: You occasionally lose the ability to read
                  | scrolls when taking damage. [mutagenic glow]
  5018 | D:3      | Noticed a quicksilver ooze
  5020 | D:3      | Slain by a quicksilver ooze

Illustrated notes

Levels and vault maps discovered:
D:1:      arrival_zaba_pyramid, layout_loops_ring,
          chequers_serial_rivers_small_3
D:2:      layout_basic
D:3:      layout_loops_ring, doesnt_xom_only_xom,
          mainiacjoe_overflow_concentric_impassable,
          chequers_ecumenical_altar_simple, minmay_hedge_maze, uniq_terence,
          uniq_natasha
D:4:      layout_loops_ring, nicolae_hepliaklqana_hazy_memory,
          skrybe_limestone_x
D:5:      layout_basic, kennysheep_slug_shrine, nicolae_overflow_crystal_walls,
          serial_shops, nicolae_shop_window_shopping, uniq_duvessa,
          uniq_prince_ribbit1

Skill      XL: |  1  2  3  4  5 |
---------------+----------------+-----
Necromancy     | 5 6 7 |  7.2
Spellcasting   | 4 5 6 |  6.9
Stealth        | 3 |  3.1
Dodging        | |  2.9
Unarmed Combat | |  0.2

Action                   |  1- 3 |  4- 6 || total
-------------------------+-------+-------++-------
Melee: Unarmed           |       |    24 ||    24
       Falchion          |       |  1541 ||  1541
       Punch             |       |    38 ||    38
 Cast: Necrotise         |    51 |     5 ||    56
       Vampiric Draining |    11 |    22 ||    33
Invok: Renounce Religion |       |     1 ||     1
  Use: Scroll            |       |     6 ||     6
Armor: Robe              |     3 |     2 ||     5
       Skin              |       |     2 ||     2
Dodge: Dodged            |     6 |    24 ||    30
